 Dungeon Crawl Stone Soup version 0.30-a0-121-gb27577e5d9 (webtiles) character file.

Game seed: 16846794844243144161

5143 LnG the Cleaver (level 10, -4/90 HPs)
             Began as a Hill Orc Fighter on Sept 14, 2022.
             Was a Believer of Uskayaw.
             Killed by vampiric draining
             ... invoked by a vampire
              (20 damage)
             ... on level 9 of the Dungeon.
             The game lasted 00:21:46 (11611 turns).

LnG the Cleaver (Hill Orc Fighter)                 Turns: 11611, Time: 00:21:46

Health: -4/90      AC: 16    Str: 24    XL:     10   Next: 58%
Magic:  10/10      EV: 12    Int:  8    God:    Uskayaw [**....]
Gold:   473        SH:  0    Dex: 10    Spells: 9/9 levels left

rFire   . . .      SeeInvis +    b - +2 battleaxe (flame)
rCold   . . .      Faith    .    (shield currently unavailable)
rNeg    . . .      Spirit   .    H - +0 plate armour
rPois   .          Reflect  .    o - +0 helmet
rElec   .          Harm     .    (no cloak)
rCorr   .          Rampage  .    (no gloves)
Will    .....                    x - +0 pair of boots
Stlth   ..........               J - amulet of the acrobat
HPRegen 0.25/turn                k - +4 ring of evasion
MPRegen 0.12/turn                C - ring of see invisible

@: no status effects
A: no striking features
a: Renounce Religion, Stomp, Line Pass


You were on level 9 of the Dungeon.
You worshipped Uskayaw.
Uskayaw was noncommittal.
You visited 2 branches of the dungeon, and saw 10 of its levels.
You also visited: Sewer.

You collected 473 gold pieces.

Inventory:

Hand Weapons
 a - a +0 vorpal war axe
 b - a +2 battleaxe of flaming (weapon)
Missiles
 K - a throwing net (quivered)
Armour
 c - a +0 buckler
 o - a +0 helmet (worn)
 x - a +0 pair of boots (worn)
 H - a +0 plate armour (worn)
Jewellery
 k - a +4 ring of evasion (left hand)
 C - a ring of see invisible (right hand)
 E - a ring of protection from cold
 J - an amulet of the acrobat (around neck)
Wands
 m - a wand of flame (34)
 D - a wand of iceblast (14)
 I - a wand of mindburst (13)
Scrolls
 d - a scroll of fear {unknown}
 h - 2 scrolls of blinking {unknown}
 i - 4 scrolls of teleportation
 j - 3 scrolls of poison {unknown}
 l - a scroll of enchant armour {unknown}
 p - 3 scrolls of immolation
 r - 3 scrolls of butterflies
 y - a scroll of vulnerability
 A - 2 scrolls of enchant weapon {unknown}
 B - 3 scrolls of torment
Potions
 e - 3 potions of degeneration {unknown}
 f - 2 potions of heal wounds
 g - a potion of mutation {unknown}
 n - 3 potions of cancellation
 q - 4 potions of flight {unknown}
 s - a potion of magic {unknown}
 t - a potion of invisibility {unknown}
 u - a potion of brilliance {unknown}
 v - a potion of resistance {unknown}
 w - a potion of haste
 z - 3 potions of might
 F - 2 potions of curing {unknown}
 G - 2 potions of lignification {unknown}


   Skills:
 + Level 8.5 Fighting
 + Level 13.1 Axes
 + Level 8.5 Armour
 + Level 3.0 Dodging
 + Level 2.5 Stealth
 + Level 5.9 Shields


You had 9 spell levels left.
You didn't know any spells.
Your spell library contained the following spells:

 Spells                   Type           Power      Damage    Failure   Level
 Leda's Liquefaction      Hex/Erth       0%         N/A       100%        4
 Lee's Rapid Deconstruct  Erth           0%         3d5*      100%        5
 Statue Form              Tmut/Erth      0%         N/A       100%        6


Dungeon Overview and Level Annotations

Branches:
Dungeon (9/15)             Temple (1/1) D:5            Lair (0/5) D:8
  Sewer (visited)
    Orc: D:9-12

Altars:
Cheibriados
Fedhas
Gozag
Kikubaaqudgha
Makhleb
Nemelex Xobeh
Okawaru
Qazlal
Ru
Sif Muna
Trog
Uskayaw
Vehumet
Wu Jian
Xom
Yredelemnul
Zin
The Shining One

Shops:
D:2 =   D:4 (   D:6 [[!


Message History

The vampire bites you!
The vampire draws strength from your injuries!
You barely miss the vampire.
The vampire hits you but does no damage.
The vampire barely misses you.
You bump into the rock wall.
The vampire hits you but does no damage.
The vampire barely misses you.
You're too confused to move!
The vampire hits you. The vampire bites you!
The vampire draws strength from your injuries!
The vampire attacks as you move away!
The vampire hits you but does no damage.
The vampire barely misses you.
You miss the vampire.
You feel less confused. The vampire closely misses you. The vampire bites you!
The vampire draws strength from your injuries!
You slash the vampire! You burn the vampire.
The vampire is severely damaged.
The vampire draws life force from you!!
The vampire is healed by the life force!
You closely miss the vampire.
The vampire is moderately damaged.
The vampire hits you but does no damage.
The vampire bites you!
The vampire draws strength from your injuries!
You barely miss the vampire.
The vampire is lightly damaged.
The vampire hits you.
The vampire bites you but does no damage.
You slash the vampire! You burn the vampire!
The vampire is almost destroyed.
The vampire draws life force from you!
* * * LOW HITPOINT WARNING * * *
The vampire is healed by the life force!
You can now pass through a line of other dancers.
You hit the vampire but do no damage.
The vampire is heavily damaged.
The vampire draws life force from you!!
You die...

#............#
#....(.......+
#............#
#.....)......#
#..........).#
#........>...#
#............#
#.......)....#
#.....@....<.#
######V#######
#c# #.# #.#
#.# #.. ##. .


You could see a vampire and a centaur.

Vanquished Creatures
  A komodo dragon (D:8)
  Sigmund (D:2)
  A wyvern (D:7)
  2 water moccasins (D:7)
  An orc warrior (D:7)
  2 sky beasts
  4 ice beasts
  3 black bears
  A centaur (D:9)
  An ogre (D:5)
  4 kobold brigands
  6 bullfrogs
  3 necrophages
  5 scorpions
  2 gnoll sergeants
  9 wights
  8 killer bees
  7 howler monkeys
  An electric eel (D:6)
  6 orc priests
  5 hounds
  A jelly (D:5)
  3 iguanas
  5 orc wizards
  Natasha (D:2)
  Robin (D:3)
  10 gnolls
  8 adders
  A white imp (D:6)
  3 ufetubi
  2 worms
  2 dart slugs (D:1)
  29 orcs
  7 endoplasms
  7 giant cockroaches
  11 goblins
  10 hobgoblins
  16 kobolds
  A quokka (D:5)
  6 ball pythons
  2 bats
  8 frilled lizards
  10 rats
217 creatures vanquished.

Vanquished Creatures (others)
  24 fungi
  45 plants
69 creatures vanquished.

Grand Total: 286 creatures vanquished

Notes
Turn   | Place    | Note
-------+----------+-------------------------------------------
     0 | D:1      | LnG the Hill Orc Fighter began the quest for the Orb.
     0 | D:1      | Reached XP level 1. HP: 19/19 MP: 1/1
   345 | D:1      | Reached skill level 3 in Axes
   345 | D:1      | Reached XP level 2. HP: 27/27 MP: 2/2
   675 | D:1      | Reached XP level 3. HP: 33/33 MP: 3/3
  1445 | D:2      | Noticed Natasha
  1460 | D:2      | Killed Natasha
  1616 | D:2      | Found Estror's Jewellery Shoppe.
  1832 | D:2      | Found a faded altar of an unknown god.
  1895 | D:2      | Reached XP level 4. HP: 38/40 MP: 4/4
  2022 | D:2      | Noticed Sigmund
  2027 | D:2      | Killed Sigmund
  2028 | D:2      | Reached skill level 5 in Axes
  2028 | D:2      | Reached XP level 5. HP: 45/47 MP: 5/5
  2122 | D:3      | Reached XP level 6. HP: 52/53 MP: 6/6
  2439 | D:3      | Noticed Robin
  2465 | D:3      | Killed Robin
  2644 | D:3      | Found an ancient bone altar of Kikubaaqudgha.
  2689 | D:3      | Reached skill level 6 in Axes
  3061 | D:4      | Found an iron altar of Okawaru.
  3066 | D:4      | Found a shimmering blue altar of Sif Muna.
  3066 | D:4      | Found a stormy altar of Qazlal.
  3066 | D:4      | Found a sparkling altar of Nemelex Xobeh.
  3066 | D:4      | Found a glowing golden altar of the Shining One.
  3331 | D:4      | Found a glowing drain.
  3340 | Sewer    | Entered a sewer
  3376 | Sewer    | Reached skill level 5 in Armour
  3376 | Sewer    | Reached XP level 7. HP: 47/60 MP: 7/7
  3536 | Sewer    | Reached skill level 1 in Dodging
  3606 | Sewer    | Reached skill level 5 in Fighting
  3862 | Sewer    | Reached skill level 7 in Axes
  4122 | D:4      | Found a burning altar of Makhleb.
  4138 | D:4      | Found an opulent altar of Gozag.
  4176 | D:4      | Found Otyepn's Weapon Shoppe.
  4348 | D:5      | Entered Level 5 of the Dungeon
  4772 | D:5      | Found a staircase to the Ecumenical Temple.
  4785 | Temple   | Entered the Ecumenical Temple
  4980 | D:5      | Reached skill level 8 in Axes
  4980 | D:5      | Reached XP level 8. HP: 69/69 MP: 8/8
  5215 | D:5      | Reached skill level 9 in Axes
  5729 | D:6      | Identified the +3 dagger of the Rat {speed, rF+ Int-4 SInv}
  5776 | D:6      | Found Xukoud's Antique Armour Shop.
  5915 | D:6      | Reached skill level 10 in Axes
  6426 | D:6      | Found Uphal's Distillery.
  6524 | D:6      | Found Yqaamoma's Antique Armour Shoppe.
  6616 | D:6      | Reached XP level 9. HP: 68/78 MP: 9/9
  6873 | D:7      | Reached skill level 1 in Stealth
  6873 | D:7      | Reached skill level 5 in Shields
  7062 | D:7      | Noticed a +0 dagger
  7078 | D:7      | Noticed a +0 spear
  7078 | D:7      | Noticed a +0 short sword
  7079 | D:7      | Noticed a +0 dagger
  7079 | D:7      | Noticed a +0 short sword
  7080 | D:7      | Noticed a +0 falchion
  7080 | D:7      | Noticed a +0 falchion
  7081 | D:7      | Noticed a +0 spear
  7091 | D:7      | Found a hide-covered altar of Uskayaw.
  7108 | D:7      | Became a worshipper of Uskayaw the Reveller
  7163 | D:7      | Reached * piety under Uskayaw
  7350 | D:7      | Reached ** piety under Uskayaw
  7454 | D:7      | Reached *** piety under Uskayaw
  7460 | D:7      | Reached **** piety under Uskayaw
  7461 | D:7      | Reached skill level 11 in Axes
  8351 | D:8      | Noticed a komodo dragon
  8520 | D:8      | Found a staircase to the Lair.
  8581 | D:7      | Reached skill level 12 in Axes
  8661 | D:7      | Reached XP level 10. HP: 34/86 MP: 10/10
 10511 | D:8      | Reached ***** piety under Uskayaw
 10518 | D:8      | Reached skill level 13 in Axes
 11611 | D:9      | Killed from afar by a vampire

Illustrated notes

Levels and vault maps discovered:
D:1:      erik_arrival_blinker_ship, layout_basic,
          chequers_serial_rivers_small_3, serial_bayou_lagoon_a,
          minmay_shallow_snake_nest
D:2:      layout_loops_ring, serial_shops, shop,
          shapermc_ecumenical_altar_mp_urbaneastern, uniq_sigmund, uniq_natasha
D:3:      layout_basic, lemuel_doored_altar, uniq_robin
D:4:      nicolae_BIG_FREAKIN_CUBE, layout_gridville, lightli_temple_of_fire,
          nicolae_gozag_seed_capital, grunt_temple_overflow_open, serial_shops,
          nicolae_shop_bloodbath_and_beyond, cheibrodos_sewer_entry_bend
D:5:      layout_loops_corners, minmay_temple_entry_trees
D:6:      layout_loops_ring, serial_shops, nicolae_lakefront_shop,
          nicolae_square_shop, nicolae_shop_crystal, minivault_14
D:7:      layout_basic, nicolae_uskayaw_en_pointe, amethyst_killhole,
          st_stairs_11, serial_park_tiny_pond
D:8:      layout_gridville, due_lair_maze_entry_diamond
D:9:      layout_roguey, grunt_temple_overflow_diamond, ashenzari_altar_1,
          nicolae_figureground_pulse
Temple:   nicolae_temple_bog_church

Skill      XL: |  1  2  3  4  5  6  7  8  9 10 |
---------------+-------------------------------+-----
Axes           | 3 5 6 8 10 12 13 | 13.1
Fighting       | 4 5 6 7 8 |  8.5
Armour         | 4 5 6 7 8 |  8.5
Shields        | 4 5 |  5.9
Dodging        | 1 2 3 |  3.0
Stealth        | 1 2 |  2.5

Action                   |  1- 3 |  4- 6 |  7- 9 | 10-12 || total
-------------------------+-------+-------+-------+-------++-------
Melee: War axe           |   111 |   151 |   406 |   137 ||   805
       Battleaxe         |       |       |       |    36 ||    36
Evoke: Wand              |       |       |     1 |       ||     1
  Use: Potion            |       |     1 |     2 |       ||     3
       Scroll            |       |       |     6 |     3 ||     9
 Stab: Paralysed         |       |       |     5 |     2 ||     7
Armor: Scale mail        |    39 |    55 |   146 |     1 ||   241
       Plate armour      |       |       |       |    82 ||    82
Dodge: Dodged            |    34 |    91 |   291 |   124 ||   540
Block: Buckler           |    20 |    30 |    87 |    40 ||   177

Table legend: (Time is in decaauts)
 A = Elapsed time spent in this place.
 B = Non-inter-level travel time spent in this place.
 C = Inter-level travel time spent in this place.
 D = Time resting spent in this place.
 E = Time spent auto-exploring this place.
 F = Levels seen in this place.
 G = Mean time per level.
                   A        B        C        D        E       F      G
               +--------+--------+--------+--------+--------+-----+--------+
         Total |  11792 |  11310 |    482 |   3346 |   5720 |  11 | 1072.0 |
       Dungeon |  11012 |  10543 |    469 |   3172 |   5364 |   9 | 1223.6 |
        Temple |    183 |    170 |     13 |      0 |    161 |   1 |  183.0 |
         Sewer |    596 |    596 |      0 |    174 |    194 |   1 |  596.0 |
               +--------+--------+--------+--------+--------+-----+--------+

Top non-repeatable levels by time:
     D:7: 2735 daAuts
     D:8: 1856 daAuts
     D:1: 1340 daAuts
     D:5: 1155 daAuts
     D:6: 1133 daAuts
     D:3: 1003 daAuts
     D:2: 820 daAuts
     D:4: 752 daAuts
   Sewer: 596 daAuts
     D:9: 215 daAuts
  Temple: 183 daAuts
